 Dungeon Crawl Stone Soup version 0.25-a0-842-g81a31cfd23 (webtiles) character file.

Game seed: 14330349338933521019, levelgen mode: deterministic

223 Maedhros the Insei (level 6, 0/39 HPs)
             Began as an Octopode Wanderer on Apr 25, 2020.
             Succumbed to an adder's poison
             ... on level 4 of the Dungeon.
             The game lasted 00:02:46 (433 turns).

Maedhros the Insei (Octopode Wanderer)               Turns: 433, Time: 00:02:46

Health: 0/39       AC:  1    Str: 12    XL:     6   Next: 0%
Magic:  9/9        EV: 12    Int: 14    God:
Gold:   32         SH:  0    Dex: 13    Spells: 8/9 levels left

rFire    . . .     SeeInvis .   a - +0 short sword
rCold    . . .     Gourm    .   (no shield)
rNeg     . . .     Faith    .   (helmet restricted)
rPois    .         Spirit   .   (no amulet)
rElec    .         Reflect  .   (no ring)
rCorr    .         Harm     .   (no ring)
MR       .....                  (no ring)
Stlth    +++.......             (no ring)
HPRegen  0.13/turn              (no ring)
MPRegen  0.11/turn              (no ring)
                                (no ring)
                                (no ring)

@: lethally poisoned (0 -> -6), stab
A: almost no armour, stealthy swim, amphibious, 8 rings, constrict 8, camouflage
1, gelatinous body 1
a: no special abilities


You were on level 4 of the Dungeon.
You were not hungry.

You visited 1 branch of the dungeon, and saw 4 of its levels.

You collected 32 gold pieces.

Inventory:

Hand Weapons
 a - a +0 short sword (weapon)
 d - a +0 dagger
Wands
 c - a wand of random effects (3)
Scrolls
 b - a scroll of magic mapping {unknown}
 g - a scroll of identify {unknown}
 h - a scroll of teleportation {unknown}
Potions
 e - a potion of stabbing
Comestibles
 f - 2 rations


   Skills:
 - Level 2.0 Fighting
 - Level 1.0 Throwing
 - Level 2.6 Stealth
 + Level 5.7 Unarmed Combat
 - Level 2.0 Spellcasting
   Level 1.0 Summonings
 - Level 1.1 Evocations


You had 8 spell levels left.
You knew the following spells:

 Your Spells              Type           Power        Failure   Level  Hunger
a - Magic Dart            Conj           #...         24%         1    ##.....

Your spell library contained the following spells:

 Spells                   Type           Power        Failure   Level  Hunger
 Call Imp                 Summ           #.......     24%         2    ###....
 Blink                    Tloc           N/A          34%         2    ###....
 Slow                     Hex            #.......     34%         2    ###....
 Conjure Flame            Conj/Fire      #.......     56%         3    ####...
 Mephitic Cloud           Conj/Pois/Air  #.......     56%         3    ####...


Dungeon Overview and Level Annotations

Branches:
Dungeon (4/15)
 Temple: D:4-7

Altars:
Yredelemnul


Innate Abilities, Weirdness & Mutations

You cannot wear most types of armour.
You are very stealthy in the water. (Stealth+)
You are amphibious.
You can wear up to eight rings at the same time.
You can use your tentacles to constrict eight enemies at once.
Your skin changes colour to match your surroundings (Stealth+).
Your rubbery body absorbs attacks. (AC +1, EV +1)


Message History

Aiming: Random Effects
Press: ? - help, Shift-Dir - straight line, f - you Nothing appears to happen.
* * * LOW HITPOINT WARNING * * *
You feel sick.
You hit something. You tentacle-slap something. You squeeze something.
Reactivating autopickup.
You have reached level 6!
Your experience leads to an increase in your attributes!
Increase (S)trength, (I)ntelligence, or (D)exterity?
You feel agile.
You feel a bit more experienced.
* * * LOW HITPOINT WARNING * * *
You feel sick.
* * * LOW HITPOINT WARNING * * *
You feel sick.
Unknown command.
Unknown command.
Unknown command.
You die...

#.# #.# ... #.#
#.# ##.##
####...######
+....@.......
####...######
#..###### .##
#.†.....## #.#
#..#...#..# #..
#.#######.# ##.#
#. ###...# ... #.
##.###.## #.#####
#.
#.%.#...###......


There were no monsters in sight!

Vanquished Creatures
  Purgy (D:4)
  A howler monkey (D:4)
  A hound (D:4)
  4 adders
  A shadow imp (D:2)
  3 bats
  3 giant cockroaches
  A hobgoblin (D:3)
  2 kobolds
  A rat (D:3)
18 creatures vanquished.

Notes
Turn   | Place    | Note
-------+----------+-------------------------------------------
     0 | D:1      | Maedhros the Octopode Wanderer began the quest for the Orb.
     0 | D:1      | Maedhros set off with the following items: a +0 short
                  | sword, a wand of random effects (15), a +0 dagger, a
                  | ration; and the following spell memorised: Magic Dart; and
                  | the following spells available to memorise: Call Imp,
                  | Blink, Slow, Conjure Flame, Mephitic Cloud
     0 | D:1      | Reached XP level 1. HP: 14/14 MP: 3/3
    50 | D:2      | Reached skill level 2 in Unarmed Combat
    50 | D:2      | Reached XP level 2. HP: 19/19 MP: 5/5
   126 | D:2      | Reached skill level 3 in Unarmed Combat
   126 | D:2      | Reached XP level 3. HP: 11/24 MP: 6/6
   210 | D:2      | Found a basalt altar of Yredelemnul.
   381 | D:4      | Noticed Purgy
   385 | D:4      | Killed Purgy
   385 | D:4      | Reached skill level 4 in Unarmed Combat
   385 | D:4      | Reached XP level 4. HP: 24/29 MP: 7/7
   385 | D:4      | Reached XP level 5. HP: 28/34 MP: 8/8
   389 | D:4      | Reached skill level 5 in Unarmed Combat
   430 | D:4      | Reached XP level 6. HP: 2/39 MP: 9/9
   431 | D:4      | HP: 1/39 [poisoned by an adder]
   433 | D:4      | Succumbed to an adder's poison

Levels and vault maps discovered:
D:1:      nicolae_arrival_memento_mori, layout_rooms
D:2:      layout_basic, yredelemnul_altar_generic
D:3:      layout_basic, first_ration
D:4:      layout_loops_corners, nicolae_overflow_hidden_temple,
          minmay_temple_entry_statues_fountains, minmay_between, uniq_menkaure,
          uniq_purgy, uniq_eustachio

Skill      XL: |  1  2  3  4  5 |
---------------+----------------+-----
Unarmed Combat | 2 3 4 5 |  5.7
Fighting       | |  2.0
Throwing       | |  1.0
Stealth        | |  2.6
Spellcasting   | |  2.0
Summonings     | |  1.0
Evocations     | |  1.1

Action                   |  1- 3 |  4- 6 || total
-------------------------+-------+-------++-------
Melee: Short sword       |    30 |    11 ||    41
       Tentacles         |     6 |     4 ||    10
       Constrict         |    10 |     3 ||    13
       Punch             |       |     1 ||     1
Evoke: Wand              |     8 |     4 ||    12
  Use: Potion            |       |     1 ||     1
 Stab: Paralysed         |     2 |       ||     2
       Sleeping          |     1 |       ||     1
Armor: Skin              |     7 |     1 ||     8
Dodge: Dodged            |    23 |     7 ||    30

Table legend:
 A = Non-vault XP
 B = Vault XP
 C = Vault XP percentage of total XP
 D = Non-vault monster count
 E = Vault monster count
 F = Vault count percentage of total count
                 A         B        C        D         E       F
            +---------+---------+-------+---------+---------+-------
      Total |      79 |     240 |  75.2 |      14 |       4 |  22.2
            +---------+---------+-------+---------+---------+-------
        D:2 |      43 |       0 |   0.0 |       7 |       0 |   0.0
        D:3 |      22 |       0 |   0.0 |       6 |       0 |   0.0
        D:4 |      14 |     240 |  94.5 |       1 |       4 |  80.0
            +---------+---------+-------+---------+---------+-------
